 Dungeon Crawl Stone Soup version 0.14.2 (webtiles) character file.

160 EmikaRules the Magician (level 3, 0/19 HPs)
             Began as a Deep Elf Fire Elementalist on Oct 30, 2016.
             Killed by nerve-wracking pain
             ... invoked by an orc priest
              (6 damage)
             ... on Level 4 of the Dungeon.
             The game lasted 00:07:52 (765 turns).

EmikaRules the Magician (Deep Elf Fire Elementalist) Turns: 765, Time: 00:07:52

HP   0/19        AC  2     Str  6      XL: 3   Next: 76%
MP  10/12        EV 13     Int 19      God:
Gold 102         SH  0     Dex 15      Spells:  3 memorised,  3 levels left

rFire  . . .     SeeInvis .     g - +0 spear
rCold  . . .     Clarity  .     a - +0 robe
rNeg   . . .     Conserve .     (no shield)
rPois  .         rCorr    .     (no helmet)
rElec  .         rRot     .     (no cloak)
SustAb . .       Spirit   .     (no gloves)
rMut   .         Warding  .     (no boots)
Saprov . . .     Stasis   .     (no amulet)
MR     .....                    (no ring)
                                (no ring)

@: not resistant to hostile enchantments, fairly stealthy
A: no striking features
a: no special abilities


You were on level 4 of the Dungeon.
You were not hungry.

You visited 1 branch of the dungeon, and saw 4 of its levels.

You collected 102 gold pieces.

Inventory:

Hand weapons
 e - a +0,+0 short sword
 g - a +0,+0 spear (weapon)
Missiles
 d - 3 javelins (quivered)
Armour
 a - a +0 robe (worn)
Comestibles
 c - 2 bread rations
 n - 11 sultanas
Scrolls
 f - a scroll of enchant armour {unknown}
 h - a scroll of remove curse {unknown}
 j - a scroll of immolation {unknown}
 k - a scroll of teleportation {unknown}
 l - a scroll of enchant weapon I {unknown}
 o - a scroll of fear {unknown}
 p - a scroll of enchant weapon II {unknown}
Potions
 i - 3 potions of brilliance
 m - a potion of paralysis {unknown}
 q - a potion of heal wounds {unknown}
Books
 b - a book of Flames

   Spells                             Type                      Level
   *Flame Tongue                      Conjuration/Fire             1
   Throw Flame                        Conjuration/Fire             2
   *Conjure Flame                     Conjuration/Fire             3
   *Inner Flame                       Hexes/Fire                   3
   Sticky Flame                       Conjuration/Fire             4
   Fireball                           Conjuration/Fire             5


   Skills:
 - Level 2.4 Dodging
 - Level 2.4 Stealth
 + Level 4.1 Spellcasting
 + Level 2.5 Conjurations
 + Level 3.9 Fire Magic


You had 3 spell levels left.
You knew the following spells:

 Your Spells              Type           Power        Failure   Level  Hunger
a - Flame Tongue          Conj/Fire      ###..        4%          1    None
c - Conjure Flame         Conj/Fire      ###.....     12%         3    ###....
i - Inner Flame           Hex/Fire       ##......     17%         3    ###....


Dungeon Overview and Level Annotations

Branches:
Dungeon (4/15)
 Temple: D:4-7

Altars:
Ashenzari


Message History

The flame tongue hits the worker ant.
The worker ant is severely wounded.
The worker ant bites you!
* * * LOW HITPOINT WARNING * * *
Casting: Flame Tongue
Confirm with . or Enter, or press ? or * to list all spells.
Aiming: Flame Tongue
Press: ? - help, Shift-Dir - straight line, f/p - worker ant
Aim: a worker ant (severely wounded)
The flame tongue hits the worker ant.
You kill the worker ant!
Your Spellcasting skill increases to level 4!
Found 25 stones.
Found a stone staircase leading down.
q - a fuming cyan potion You start resting.
An orc comes into view.
An orc priest comes into view. It is wielding a trident.
The orc priest mumbles some strange prayers to Beogh against you.
Pain shoots through your body!
You die...

P. P..?PP ♣P..
♣..P♣♣
♣♣..P♣♣♣P..♣♣♣.
♣♣P.P♣♣♣...♣♣♣P.
..P)...........S#
..r..............
#.####..<.....#
...............#
........@......#
##.#####....(###
#.....#
#.#####.....#
.............#
#.#####o...(##
.####..%....#
............#
.####.......#


You could see an orc priest.

Vanquished Creatures
  A worker ant (D:4)
  A giant gecko (D:4)
  4 bats
  4 goblins
  6 hobgoblins
  A giant newt (D:1)
  8 kobolds
  6 rats
31 creatures vanquished.

Notes
Turn   | Place    | Note
--------------------------------------------------------------
     0 | D:1      | EmikaRules, the Deep Elf Fire Elementalist, began the quest for the Orb.
     0 | D:1      | Reached XP level 1. HP: 10/10 MP: 5/5
   178 | D:1      | Reached XP level 2. HP: 10/15 MP: 4/8
   489 | D:2      | Found a shattered altar of Ashenzari.
   566 | D:1      | Reached XP level 3. HP: 11/19 MP: 8/11
   571 | D:1      | Learned a level 3 spell: Inner Flame
   575 | D:1      | Learned a level 3 spell: Conjure Flame
   710 | D:4      | Reached skill level 4 in Spellcasting
   765 | D:4      | Killed from afar by an orc priest

Action                   || total
-------------------------++-------
Melee: Short sword       ||     1
       Spear             ||    23
 Cast: Flame Tongue      ||    57
  Use: Scroll            ||     2
